 Dungeon Crawl Stone Soup version 0.31-a0-232-gb1c03b2570 (webtiles) character file.

Game seed: 12874555543169432286

2732 qw the Skirmisher (level 9, -1/56 HPs)
             Began as a Gargoyle Hexslinger on July 7, 2023.
             Was a Follower of Okawaru.
             Slain by a large slime creature (26 damage)
             ... on level 7 of the Dungeon.
             The game lasted 00:03:03 (5626 turns).

qw the Skirmisher (Gargoyle Hexslinger)             Turns: 5626, Time: 00:03:04

Health: -1/56      AC: 23    Str: 11    XL:     9   Next: 67%
Magic:  10/12      EV: 15    Int: 15    God:    Okawaru [*.....]
Gold:   390        SH:  0    Dex: 16    Spells: 9/10 levels left

rFire   . . .        Y - +4 sling
rCold   + . .        (no shield)
rNeg    + . .        q - +3 leather armour {rPois}
rPois   inf          (no helmet)
rElec   +            (no cloak)
rCorr   .            e - +2 pair of gloves
SInv    .            o - +1 pair of boots
Will    .....        k - amulet of regeneration
Stlth   +++          j - +4 ring of protection
HPRegen 1.09/turn    b - ring of protection from cold
MPRegen 0.13/turn

%: no passive effects
@: heroic
A: sickness immunity, AC +6, negative energy resistance 1, electricity
resistance, torment resistance 1, petrification resistance
a: Renounce Religion, Heroism


You were on level 7 of the Dungeon.
You worshipped Okawaru.
Okawaru was aware of your devotion.
You visited 2 branches of the dungeon, and saw 8 of its levels.

You collected 390 gold pieces.


Innate Abilities, Weirdness & Mutations

You are immune to sickness and miasma.
Your stone body is resilient. (AC +6)
You are immune to poison.
You resist negative energy. (rN+)
You are resistant to electric shocks. (rElec)
You are resistant to unholy torment.
You are immune to petrification.


   Skills:
 + Level 6.7(11.7) Fighting
 - Level 10.0(15.0) Ranged Weapons
 - Level 3.1(8.1) Armour
 - Level 3.0(8.0) Dodging
 - Level 1.0 Spellcasting
 - Level 2.6 Hexes
 - Level 4.0 Invocations


You had 9 spell levels left.
You knew the following spells:

 Your Spells              Type           Power      Damage    Failure   Level
a - Slow                  Hex            32%        N/A       11%         1

Your spell library contained the following spells:

 Spells                   Type           Power      Damage    Failure   Level
 Inner Flame              Hex/Fire       4%         N/A       47%         3
 Portal Projectile        Hex/Tloc       8%         N/A       47%         3
 Cause Fear               Hex            4%         N/A       71%         4

Inventory:

Hand Weapons
 Y - a +4 sling (weapon)
Armour
 e - a +2 pair of gloves (worn)
 g - the +3 ring mail of the Game of Life {rElec rF++ Int-4 SInv}
   (You found it on level 7 of the Dungeon)

   Int:       It affects your intelligence (-4).
   rF:        It greatly protects you from fire.
   rElec:     It insulates you from electricity.
   SInv:      It lets you see invisible.
 o - a +1 pair of boots (worn)
 q - a +3 leather armour of poison resistance (worn)
Jewellery
 b - a ring of protection from cold (right hand)
 j - a +4 ring of protection (left hand)
 k - an amulet of regeneration (around neck)
 m - a ring of willpower
Scrolls
 a - 3 scrolls of identify
 f - a scroll of teleportation
Potions
 c - a potion of enlightenment
 d - 2 potions of curing
 i - a potion of might
 l - a potion of heal wounds

Dungeon Overview and Level Annotations

Branches:
Dungeon (7/15)             Temple (1/1) D:5

Altars:
Ashenzari
Cheibriados
Dithmenos
Fedhas
Gozag
Hepliaklqana
Kikubaaqudgha
Makhleb
Nemelex Xobeh
Okawaru
Qazlal
Sif Muna
Trog
Uskayaw
Vehumet
Xom
Yredelemnul
Zin
The Shining One

Annotations:
D:5 1 runed translucent door, qw's ghost, novice GrHs
D:6 3 runed translucent doors, qw's ghost, amateur GrHs; qw's ghost, amateur MiHs; qw's ghost, novice MiHs


Message History

The slime creature hits you but does no damage.
You shoot a sling bullet.
The sling bullet hits the slime creature.
The slime creature is almost dead.
Something shouts, "Bolt, thou froward bat-fowling malt-worm!"
The slime creature completely misses you.
You hear a shout!
You hear an angry growl.
You hear a shout! x4
You hear an angry hiss.
You shoot a sling bullet.
The sling bullet hits the slime creature.
The slime creature is almost dead.
Two slime creatures merge to form a large slime creature.
You shoot a sling bullet.
The sling bullet hits the large slime creature!
The large slime creature is heavily wounded.
A kobold demonologist comes into view. It is wielding a +0 dagger.
The large slime creature hits you!
You shoot a sling bullet.
The sling bullet hits the large slime creature.
The large slime creature is heavily wounded.
A bullfrog comes into view.
The large slime creature misses you.
You shoot a sling bullet.
The sling bullet completely misses the large slime creature.
The bullfrog croaks.
You hear an angry growl.
You hear a croak.
You hear a shout!
You hear an angry hiss. x2
The large slime creature barely misses you.
You shoot a sling bullet.
The sling bullet hits the large slime creature.
The large slime creature is heavily wounded.
You hear a croak.
The large slime creature hits you!!
The kobold demonologist mumbles some strange words.
Something shouts, "Decamp, thou erky saucy gudgeon!"
You hear an angry hiss.
You hear a howl!
You hear an angry hiss.
5626 ||| INVOKING Heroism.
You gain the combat prowess of a mighty hero.
The large slime creature hits you!!
You die...

~.# .55 .. #.. K. #.# 7z
#.# 7z #.# #####7J7#####
### #.# 7.....)@....77
77.77#.#
.###########.777...7#.##
......).?..........
########%777...7#.#.
......).77 77.77#.#.
################# ###
#... #...............#
#### ###########.....#
##########.###


You could see a large slime creature, a kobold demonologist, an iron imp
(summoned), 2 wights and a quasit (summoned).

Vanquished Creatures
  Eustachio (D:5)
  A steam dragon (D:6)
  Menkaure (D:7)
  Edmund (D:6)
  A black bear (D:4)
  2 ice beasts
  An orc warrior (D:5)
  5 ogres
  A phantom (D:5)
  2 kobold brigands (D:7)
  2 bullfrogs
  A gnoll sergeant (D:6)
  3 scorpions
  A killer bee (D:7)
  2 howler monkeys
  5 hounds
  3 orc priests
  3 jellies
  A gnoll bouda (D:6)
  4 iguanas
  An orc wizard (D:4)
  A sleepcap (D:5)
  3 adders
  9 gnolls (D:6)
  2 white imps
  2 dart slugs
  10 orcs
  4 ball pythons
  8 bats
  3 endoplasms
  2 giant cockroaches
  5 goblins
  7 hobgoblins
  7 jackals
  4 quokkas
  4 frilled lizards
  11 kobolds
  4 rats
128 creatures vanquished.

Vanquished Creatures (others)
  An orc wizard (D:5)
1 creature vanquished.

Grand Total: 129 creatures vanquished

Notes
Turn   | Place    | Note
-------+----------+-------------------------------------------
     0 | D:1      | qw the Gargoyle Hexslinger began the quest for the Orb.
     0 | D:1      | Reached XP level 1. HP: 12/12 MP: 2/2
     0 | D:1      | 0 ||| qw: Version: 0.3-a-46-gb1f654a
     0 | D:1      | 0 ||| qw: Game counter: 2540
     0 | D:1      | 0 ||| qw: Melee chars always use a shield: true
     0 | D:1      | 0 ||| qw: God list: Okawaru
     0 | D:1      | 0 ||| qw: Allow faded altars: false
     0 | D:1      | 0 ||| qw: Do Orc after clearing Dungeon:15 true
     0 | D:1      | 0 ||| qw: Do second Lair branch before Depths: true
     0 | D:1      | 0 ||| qw: Lair rune preference: random
     0 | D:1      | 0 ||| qw: Goals: Normal
     0 | D:1      | 0 ||| PLANNING D:1-11
    88 | D:1      | 88 ||| FLEEEEING.
    89 | D:1      | 89 ||| FLEEEEING.
    90 | D:1      | 90 ||| FLEEEEING.
    91 | D:1      | 91 ||| FLEEEEING.
    93 | D:1      | 93 ||| FLEEEEING.
    94 | D:1      | 94 ||| FLEEEEING.
    95 | D:1      | 95 ||| FLEEEEING.
    96 | D:1      | 96 ||| FLEEEEING.
    97 | D:1      | 97 ||| FLEEEEING.
    98 | D:1      | 98 ||| FLEEEEING.
   104 | D:1      | Reached XP level 2. HP: 10/16 MP: 3/3
   183 | D:1      | Reached skill level 3 in Ranged Weapons
   436 | D:1      | Reached XP level 3. HP: 21/21 MP: 4/4
   619 | D:1      | 619 ||| UPGRADING to +0 pair of gloves.
   624 | D:1      | 624 ||| DROPPING +6 ring of intelligence.
   625 | D:1      | 625 ||| UPGRADING to ring of protection from cold.
   626 | D:1      | 626 ||| READING 2 scrolls labelled QYEZEV QEHAWKI.
   627 | D:1      | 627 ||| READING scroll labelled JEBINT PYEFFO.
   631 | D:1      | 631 ||| DROPPING scroll of poison.
  1426 | D:2      | 1426 ||| UPGRADING to +0 ring mail.
  1436 | D:2      | 1436 ||| DROPPING +0 robe.
  1437 | D:2      | 1437 ||| UPGRADING to +0 pair of boots.
  1442 | D:2      | 1442 ||| DROPPING amulet of magic regeneration.
  1443 | D:2      | 1443 ||| UPGRADING to amulet of regeneration.
  1448 | D:2      | 1448 ||| UPGRADING to ring of willpower.
  1449 | D:2      | 1449 ||| DROPPING ring of flight.
  1450 | D:2      | 1450 ||| READING scroll labelled DIEGOT GUL SYOWK.
  1451 | D:2      | 1451 ||| READING scroll labelled ARIFUN ABBISOP.
  1452 | D:2      | 1452 ||| READING scroll labelled FIOSOO ASAMA.
  1616 | D:3      | Reached skill level 1 in Armour
  1870 | D:3      | Found a faded altar of an unknown god.
  1923 | D:3      | 1923 ||| READING scroll of enchant armour.
  1923 | D:3      | 1923 ||| ENCHANTING +0 pair of gloves.
  1942 | D:3      | Reached XP level 4. HP: 26/26 MP: 5/5
  2078 | D:3      | 2078 ||| READING scroll labelled KOROCL IDAOMAO.
  2079 | D:3      | 2079 ||| READING scroll labelled MEEKOETAPS.
  2080 | D:3      | 2080 ||| READING 3 scrolls of identify.
  2080 | D:3      | 2080 ||| IDENTIFYING bubbling inky potion
  2081 | D:3      | 2081 ||| READING 2 scrolls of identify.
  2081 | D:3      | 2081 ||| IDENTIFYING yellow potion
  2128 | D:4      | Noticed a black bear
  2136 | D:4      | Killed a black bear
  2137 | D:4      | Reached skill level 5 in Ranged Weapons
  2137 | D:4      | Reached XP level 5. HP: 29/30 MP: 6/6
  2222 | D:4      | Found an ancient bone altar of Kikubaaqudgha.
  2283 | D:4      | Reached skill level 3 in Fighting
  2283 | D:4      | Reached XP level 6. HP: 37/37 MP: 7/7
  2298 | D:4      | 2298 ||| READING scroll of enchant weapon.
  2298 | D:4      | 2298 ||| ENCHANTING +2 sling.
  2401 | D:4      | 2401 ||| READING scroll of enchant armour.
  2401 | D:4      | 2401 ||| ENCHANTING +1 pair of gloves.
  3102 | D:4      | Found a snail-covered altar of Cheibriados.
  3145 | D:4      | 3145 ||| READING scroll labelled CECESCHOVULUX.
  3146 | D:4      | 3146 ||| READING scroll labelled TENA VOTRUPHA.
  3147 | D:4      | 3147 ||| READING scroll labelled LAROAF WIXTUDU.
  3147 | D:4      | Identified a scroll of acquirement
  3147 | D:4      | 3147 ||| ACQUIRING +4 ring of protection
  3147 | D:4      | Acquired a +4 ring of protection
  3149 | D:4      | 3149 ||| UPGRADING to +4 ring of protection.
  3151 | D:4      | 3151 ||| UPGRADING to ring of protection from cold.
  3153 | D:4      | 3153 ||| READING 2 scrolls of identify.
  3153 | D:4      | 3153 ||| IDENTIFYING grey potion
  3154 | D:4      | 3154 ||| DROPPING potion of berserk rage.
  3174 | D:5      | Entered Level 5 of the Dungeon
  3174 | D:5      | Found a runed translucent door.
  3176 | D:5      | Noticed qw's ghost (novice GrHs)
  3276 | D:5      | Reached skill level 6 in Ranged Weapons
  3287 | D:5      | HP: 8/37 [orc/+0 whip (3)]
  3288 | D:5      | 3288 ||| READING 2 scrolls of teleportation.
  3290 | D:5      | Reached XP level 7. HP: 11/42 MP: 8/8
  3351 | D:5      | HP: 10/44 [scorpion (2)]
  3352 | D:5      | 3352 ||| READING scroll of teleportation.
  3354 | D:5      | 3354 ||| DRINKING 2 potions of curing.
  3354 | D:5      | 3354 ||| (to cure confusion)
  3438 | D:5      | 3438 ||| FLEEEEING.
  3440 | D:5      | 3440 ||| FLEEEEING.
  3441 | D:5      | 3441 ||| FLEEEEING.
  3442 | D:5      | 3442 ||| FLEEEEING.
  3443 | D:5      | 3443 ||| FLEEEEING.
  3444 | D:5      | 3444 ||| FLEEEEING.
  3445 | D:5      | 3445 ||| STAIRDANCE
  3456 | D:4      | 3456 ||| DRINKING 2 purple potions.
  3461 | D:5      | 3461 ||| STAIRDANCE
  3724 | D:5      | Noticed Eustachio
  3769 | D:5      | 3769 ||| Stepping ~*~*~tactically~*~*~ (outnumbered).
  3778 | D:5      | Reached skill level 7 in Ranged Weapons
  3851 | D:5      | Killed Eustachio
  3852 | D:5      | Reached skill level 3 in Armour
  3904 | D:5      | Found a staircase to the Ecumenical Temple.
  3905 | D:5      | 3905 ||| PLANNING TEMPLE
  3910 | D:5      | Reached XP level 8. HP: 33/48 MP: 9/9
  3924 | D:5      | 3924 ||| UPGRADING to +2 leather armour of poison
                  | resistance.
  3934 | D:5      | 3934 ||| DROPPING +0 ring mail.
  3935 | D:5      | 3935 ||| UPGRADING to +3 leather armour of poison
                  | resistance.
  3945 | D:5      | 3945 ||| DROPPING +2 leather armour of poison resistance.
  3946 | D:5      | 3946 ||| READING scroll labelled BIKILO YROKULL.
  3947 | D:5      | 3947 ||| DRINKING 2 inky potions.
  3948 | D:5      | 3948 ||| DROPPING potion of brilliance.
  3954 | Temple   | Entered the Ecumenical Temple
  4074 | Temple   | 4074 ||| PLANNING OKAWARU WORSHIP
  4169 | Temple   | Became a worshipper of Warmaster Okawaru
  4170 | Temple   | 4170 ||| PLANNING D:1-11
  4275 | D:6      | 4275 ||| READING scroll of enchant weapon.
  4275 | D:6      | 4275 ||| ENCHANTING +3 sling.
  4292 | D:6      | 4292 ||| Stepping ~*~*~tactically~*~*~ (outnumbered).
  4297 | D:6      | 4297 ||| Stepping ~*~*~tactically~*~*~ (outnumbered).
  4401 | D:6      | 4401 ||| Stepping ~*~*~tactically~*~*~ (cloud).
  4419 | D:6      | Reached skill level 8 in Ranged Weapons
  4455 | D:6      | Noticed a +0 hand axe
  4455 | D:6      | Noticed a +0 dagger
  4457 | D:6      | Found a hide-covered altar of Uskayaw.
  4494 | D:6      | Noticed Edmund
  4522 | D:6      | Killed Edmund
  4522 | D:6      | Reached * piety under Okawaru
  4552 | D:6      | Found a radiant altar of Vehumet.
  4586 | D:6      | 4586 ||| READING scroll of enchant armour.
  4586 | D:6      | 4586 ||| ENCHANTING +0 pair of boots.
  4606 | D:6      | 4606 ||| INVOKING Heroism.
  4614 | D:6      | Reached skill level 1 in Invocations
  4619 | D:6      | 4619 ||| Stepping ~*~*~tactically~*~*~ (outnumbered).
  4625 | D:6      | 4625 ||| INVOKING Heroism.
  4700 | D:6      | 4700 ||| FLEEEEING.
  4702 | D:6      | 4702 ||| STAIRDANCE
  4714 | D:5      | 4714 ||| READING scroll labelled IRUIXT JES REM.
  4715 | D:5      | 4715 ||| READING scroll labelled CATUEP NYURO.
  4816 | D:5      | 4816 ||| READING 3 scrolls of identify.
  4816 | D:5      | 4816 ||| IDENTIFYING clear potion
  4817 | D:5      | 4817 ||| READING 2 scrolls of identify.
  4817 | D:5      | 4817 ||| IDENTIFYING sapphire potion
  4818 | D:5      | 4818 ||| DROPPING potion of ambrosia.
  4908 | D:6      | 4908 ||| INVOKING Heroism.
  4912 | D:6      | Reached skill level 3 in Invocations
  4912 | D:6      | Reached XP level 9. HP: 54/54 MP: 8/11
  4939 | D:6      | 4939 ||| INVOKING Heroism.
  4943 | D:6      | Reached skill level 9 in Ranged Weapons
  4997 | D:6      | Found a runed translucent gate.
  4997 | D:6      | Found a runed translucent gate.
  4997 | D:6      | Found a runed translucent gate.
  4997 | D:6      | Noticed qw's ghost (novice MiHs)
  4997 | D:6      | Noticed qw's ghost (amateur GrHs)
  4998 | D:6      | Noticed qw's ghost (novice MiHs)
  4998 | D:6      | Noticed qw's ghost (amateur MiHs)
  5036 | D:6      | 5036 ||| READING 2 scrolls of identify.
  5036 | D:6      | 5036 ||| IDENTIFYING white potion
  5037 | D:6      | 5037 ||| DROPPING potion of degeneration.
  5088 | D:7      | 5088 ||| INVOKING Heroism.
  5113 | D:7      | Found a shadowy altar of Dithmenos.
  5122 | D:7      | Noticed Menkaure
  5123 | D:7      | 5123 ||| INVOKING Heroism.
  5128 | D:7      | Killed Menkaure
  5129 | D:7      | Reached skill level 6 in Fighting
  5181 | D:7      | 5181 ||| Stepping ~*~*~tactically~*~*~ (outnumbered).
  5185 | D:7      | 5185 ||| Stepping ~*~*~tactically~*~*~ (outnumbered).
  5322 | D:7      | Identified the +3 ring mail of the Game of Life {rElec rF++
                  | Int-4 SInv}
  5517 | D:7      | 5517 ||| Stepping ~*~*~tactically~*~*~ (outnumbered).
  5528 | D:7      | 5528 ||| INVOKING Heroism.
  5569 | D:7      | Reached skill level 10 in Ranged Weapons
  5575 | D:7      | Reached skill level 3 in Dodging
  5593 | D:7      | 5593 ||| INVOKING Heroism.
  5622 | D:7      | Noticed a kobold demonologist
  5626 | D:7      | 5626 ||| INVOKING Heroism.
  5626 | D:7      | Slain by a large slime creature

Levels and vault maps discovered:
D:1:      matt_arrival_spirals, layout_rooms
D:2:      layout_basic
D:3:      layout_loops_cross, serial_glass, glass_columns_a, glass_columns_a,
          shapermc_ecumenical_altar_mp_highgroup, kennysheep_decorative_pillar
D:4:      layout_layer_cave, marbit_many_paths,
          mainiacjoe_overflow_tiny_flanked, nicolae_figureground_sparkle
D:5:      layout_rooms, minmay_temple_entry_proselytizer, ebering_ghost_sewer_d,
          uniq_eustachio
D:6:      layout_basic, lemuel_tele_altar, dancing_weapons_uskayaw,
          gammafunk_ghost_cemetery, skrybe_limestone_x, nicolae_grassy_gnolls,
          uniq_edmund
D:7:      nzn_winding_woodlands_large [nzn_winding_woodlands_hourglass,
          nzn_winding_woodlands_5x15_lazy_stream,
          nzn_winding_woodlands_5x5_perimeter,
          nzn_winding_woodlands_center_garden,
          nzn_winding_woodlands_15x15_eel_pit,
          nzn_winding_woodlands_center_pierced_h,
          nzn_winding_woodlands_5x5_checkerboard,
          nzn_winding_woodlands_5x15_longhouse,
          nzn_winding_woodlands_5x5_open_star], layout_loops_ring,
          mainiacjoe_overflow_chevrons, uniq_menkaure
Temple:   dpeg_chambers_temple

Skill      XL: |  1  2  3  4  5  6  7  8  9 |
---------------+----------------------------+-----
Ranged Weapons | 3 5 6 7 8 10 | 10.0
Fighting       | 2 3 4 5 6 |  6.7
Armour         | 1 3 |  3.1
Dodging        | 2 3 |  3.0
Invocations    | 3 4 |  4.0
Spellcasting   | |  1.0
Hexes          | |  2.6

Action                     |  1- 3 |  4- 6 |  7- 9 || total
---------------------------+-------+-------+-------++-------
   Fire: Sling             |   146 |   140 |   492 ||   778
 Invoke: Heroism           |       |       |     9 ||     9
    Use: Scroll            |     6 |    11 |     9 ||    26
         Potion            |       |       |     3 ||     3
 Armour: Robe              |    16 |       |       ||    16
         Ring mail         |    17 |   142 |   292 ||   451
         Leather armour    |       |       |    85 ||    85
  Dodge: Dodged            |    54 |   106 |   312 ||   472

Table legend:
 A = Non-vault XP
 B = Vault XP
 C = Vault XP percentage of total XP
 D = Non-vault monster count
 E = Vault monster count
 F = Vault count percentage of total count
                 A         B        C        D         E       F
            +---------+---------+-------+---------+---------+-------
      Total |    2249 |    1654 |  42.4 |     105 |      24 |  18.6
            +---------+---------+-------+---------+---------+-------
        D:1 |      41 |       0 |   0.0 |      24 |       0 |   0.0
        D:2 |      16 |       0 |   0.0 |      10 |       0 |   0.0
        D:3 |      34 |       0 |   0.0 |      11 |       0 |   0.0
        D:4 |     372 |       2 |   0.5 |      18 |       1 |   5.3
        D:5 |     517 |     229 |  30.7 |      15 |       2 |  11.8
        D:6 |    1033 |     353 |  25.5 |      18 |       8 |  30.8
        D:7 |     236 |    1070 |  81.9 |       9 |      13 |  59.1
            +---------+---------+-------+---------+---------+-------
